 Dungeon Crawl Stone Soup version 0.29.0-5-ge4962eb29e (webtiles) character file.

Game seed: 6918839461932315804

35 SnakkuSnakku7 the Trooper (level 3, -1/29 HPs)
             Began as a Merfolk Air Elementalist on Aug 30, 2022.
             Slain by a kobold
             ... wielding a +2 vampiric whip
              (5 damage)
             ... on level 1 of the Dungeon.
             The game lasted 00:02:04 (1232 turns).

SnakkuSnakku7 the Trooper (MfAE)                    Turns: 1232, Time: 00:02:05

Health: -1/29      AC:  3    Str: 10    XL:     3   Next: 33%
Magic:  4/6        EV: 12    Int: 14    God:
Gold:   33         SH:  0    Dex: 14    Spells: 5/6 levels left

rFire   . . .      SeeInvis .   e - +0 quarterstaff
rCold   . . .      Faith    .   (shield currently unavailable)
rNeg    . . .      Spirit   .   a - +0 robe
rPois   .          Reflect  .   (no helmet)
rElec   .          Harm     .   f - +0 cloak
rCorr   .          Rampage  .   (no gloves)
Will    .....                   (no boots)
Stlth   ++........              (no amulet)
HPRegen 0.09/turn               (no ring)
MPRegen 0.10/turn               (no ring)

@: no status effects
A: (nimble swimmer 2), mertail
a: no special abilities


You were on level 1 of the Dungeon.
You visited 1 branch of the dungeon, and saw 1 of its levels.

You collected 33 gold pieces.

Inventory:

Hand Weapons
 e - a +0 quarterstaff (weapon)
Armour
 a - a +0 robe (worn)
 f - a +0 cloak (worn)
Scrolls
 c - a scroll of noise {unknown}
 d - 3 scrolls of identify {unknown}
Potions
 b - a potion of magic


   Skills:
 + Level 3.2 Fighting
 - Level 2.6 Dodging
 - Level 2.1 Stealth
 - Level 2.0 Spellcasting
 - Level 0.7 Conjurations
 - Level 2.4 Air Magic


You had 5 spell levels left.
You knew the following spells:

 Your Spells              Type           Power      Damage    Failure   Level
a - Shock                 Conj/Air       20%        1d4       13%         1

Your spell library contained the following spells:

 Spells                   Type           Power      Damage    Failure   Level
 Static Discharge         Conj/Air       5%         3-4/arc   19%         2
 Swiftness                Air            8%         N/A       26%         3
 Airstrike                Air            4%         2d(1-17)  65%         4


Dungeon Overview and Level Annotations

Branches:
Dungeon (1/15)

Altars:


Innate Abilities, Weirdness & Mutations

((You are very nimble when in or above water. (Stealth+, EV+, Speed+++)))
Your lower body shifts to a powerful aquatic tail in water.


Message History

The endoplasm barely misses you.
You thump the endoplasm!
You kill the endoplasm!
The kobold throws a stone.
The stone hits you but does no damage. The kobold closely misses you.
You hit the kobold but do no damage.
The kobold hits you with a +2 vampiric whip.
You completely miss the kobold. The kobold hits you but does no damage.
You hit the kobold.
The kobold is heavily wounded.
The kobold hits you with a +2 vampiric whip.
You closely miss the kobold.
The kobold is heavily wounded.
The kobold misses you.
The kobold hits you with a +2 vampiric whip.
The kobold draws strength from your wounds!
You hit the kobold.
The kobold is moderately wounded.
The kobold hits you with a +2 vampiric whip.
The kobold draws strength from your wounds!
You are too injured to fight recklessly!
You are too injured to fight recklessly!
You hit the kobold.
The kobold is heavily wounded.
The kobold misses you.
You barely miss the kobold.
The kobold is heavily wounded.
The kobold closely misses you.
The kobold hits you with a +2 vampiric whip.
* * * LOW HITPOINT WARNING * * *
The kobold draws strength from your wounds!
You barely miss the kobold.
The kobold hits you with a +2 vampiric whip.
* * * LOW HITPOINT WARNING * * *
The kobold attacks as you move away! The kobold misses you.
You aren't carrying any items that you can evoke.
Unknown command.
You hit the kobold but do no damage.
The kobold hits you with a +2 vampiric whip.
You die...

#...... #...... #......
###...... ######........
#.....)#...... #####
#######.#........†..
.....###.#.....#)####.....#
..........@.##...###......#
..........K....####.......#
.............####.........#
.....[.............########
.......†..........##
..................#########
...........................
...........................
...........................


You could see a kobold.

Vanquished Creatures
  A gnoll (D:1)
  A ball python (D:1)
  An endoplasm (D:1)
  2 giant cockroaches (D:1)
  3 jackals (D:1)
  3 quokkas (D:1)
  A bat (D:1)
  3 frilled lizards (D:1)
  3 goblins (D:1)
  3 kobolds (D:1)
  2 rats (D:1)
23 creatures vanquished.

Notes
Turn   | Place    | Note
-------+----------+-------------------------------------------
     0 | D:1      | SnakkuSnakku7 the Merfolk Air Elementalist began the quest
                  | for the Orb.
     0 | D:1      | Reached XP level 1. HP: 13/13 MP: 3/3
   418 | D:1      | Reached skill level 1 in Fighting
   729 | D:1      | Reached XP level 2. HP: 17/22 MP: 5/5
   736 | D:1      | Reached skill level 2 in Fighting
  1148 | D:1      | Reached XP level 3. HP: 20/28 MP: 6/6
  1213 | D:1      | Reached skill level 3 in Fighting
  1232 | D:1      | Slain by a kobold

Illustrated notes

Levels and vault maps discovered:
D:1:      dpeg_arrival_three_same_balls, layout_rooms

Skill      XL: |  1  2  3 |
---------------+----------+-----
Fighting       | 1 2 3 |  3.2
Dodging        | |  2.6
Stealth        | |  2.1
Spellcasting   | |  2.0
Conjurations   | |  0.7
Air Magic      | |  2.4

Action                   || total
-------------------------++-------
Melee: Quarterstaff      ||    64
       Unarmed           ||     6
 Cast: Shock             ||    15
Armor: Robe              ||    19
Dodge: Dodged            ||    60
